 Dungeon Crawl Stone Soup version 0.31-a0-705-ga145531891 (webtiles) character file.

Game seed: 6853584405460290452

2652 dialectric the Grappler (level 9, -6/51 HPs)
             Began as an Octopode Shapeshifter on Sept 9, 2023.
             Was an Elder of Hepliaklqana.
             Mangled by a wyvern (17 damage)
             ... on level 7 of the Dungeon.
             The game lasted 00:07:43 (7132 turns).

dialectric the Grappler (Octopode Shapeshifter)     Turns: 7132, Time: 00:07:44

Health: -6/51      AC:  1    Str: 17    XL:     9   Next: 62%
Magic:  9/9        EV: 14    Int: 24    God:    Hepliaklqana [****..]
Gold:   494        SH:  0    Dex: 12    Spells: 5/8 levels left

rFire   . .          .
                       - Unarmed
rCold   . . .        (no shield)
rNeg    + . .        (helmet currently unavailable)
rPois   .            (no amulet)
rElec   .            f - +6 ring of intelligence
rCorr   .            y - ring of positive energy
SInv    .            u - +6 ring of intelligence
Will    .....        (no ring)
Stlth   +++++        (no ring)
HPRegen 0.28/turn    (no ring)
MPRegen 0.11/turn    (no ring)
                     (no ring)

%: no passive effects
@: beast-form, studying Poison Magic
A: beast (slay +3), reduced essence, almost no armour, amphibious, 8 rings,
camouflage 1, gelatinous body 1, (nimble swimmer 1), tentacles
a: Begin Untransformation, Renounce Religion, Recall Ancestor, Ancestor
Identity, Transference, Idealise


You were on level 7 of the Dungeon.
You worshipped Hepliaklqana.
Hepliaklqana was greatly pleased with you.
You were a hulking beast.
You visited 1 branch of the dungeon, and saw 8 of its levels.

You collected 494 gold pieces.

Inventory:

Hand Weapons
 m - a +1 short sword of venom
 o - a +0 rapier
Missiles
 n - 16 poisoned darts
 x - 5 curare-tipped darts (quivered)
Armour
 D - a scarf of shadows
Jewellery
 f - a +6 ring of intelligence (left tentacle)
 u - a +6 ring of intelligence (on tentacle)
 y - a ring of positive energy (right tentacle)
 F - a ring of protection from fire
Talismans
 b - a beast talisman (active)
 c - a flux talisman
 l - a blade talisman
Wands
 w - a wand of flame (17)
 z - a wand of iceblast (14)
 C - a wand of acid (6)
 G - a wand of mindburst (18)
Scrolls
 q - a scroll of vulnerability {unknown}
 r - a scroll of enchant weapon
 s - a scroll of fear {unknown}
 t - a scroll of enchant armour {unknown}
 v - a scroll of poison {unknown}
 A - a scroll of fog {unknown}
 B - a scroll of torment {unknown}
 E - a scroll of identify {unknown}
Potions
 a - a potion of lignification
 d - 2 potions of degeneration {unknown}
 e - 2 potions of heal wounds {unknown}
 g - a potion of invisibility {unknown}
 h - a potion of attraction {unknown}
 i - 2 potions of might {unknown}
 j - 3 potions of curing {unknown}
 k - a potion of enlightenment {unknown}
 p - a potion of magic {unknown}


   Skills:
 + Level 3.3 Fighting
 + Level 1.0 Throwing
 - Level 4.1 Dodging
 + Level 8.0 Stealth
 + Level 9.4 Unarmed Combat
 * Level 5.5 Shapeshifting


You had 5 spell levels left.
You knew the following spells:

 Your Spells              Type           Power      Damage    Failure   Level
a - Confusing Touch       Hex            0%         N/A       41%         3

Your spell library contained the following spells:

 Spells                   Type           Power      Damage    Failure   Level
 Kiss of Death            Conj/Necr      0%         2d5       14%         1
 Hailstorm                Conj/Ice       0%         3d3       41%         3
 Dispel Undead            Necr           0%         3d6       82%         4
 Summon Ice Beast         Ice/Summ       0%         N/A       82%         4
 Simulacrum               Ice/Necr       0%         N/A       100%        6


Dungeon Overview and Level Annotations

Branches:
Dungeon (8/15)             Temple (0/1) D:7            Lair (0/5) D:8

Altars:
Hepliaklqana
Okawaru
Qazlal
Sif Muna
Trog


Innate Abilities, Weirdness & Mutations

You are a hulking beast.
Your limbs bulge with bestial killing power. (Slay +3)
Your life essence is reduced to manifest your ancestor. (-10% HP)
You cannot wear most types of armour.
You are amphibious.
You can wear up to eight rings at the same time.
Your skin changes colour to match your surroundings (Stealth+).
Your rubbery body absorbs attacks. (AC +1, EV +1)
((You are camouflaged when in or above water. (Stealth+)))
You have tentacles for arms and can constrict up to eight enemies at once.


Message History

Busisiwe hits the wyvern with a +0 dagger of draining!
Busisiwe drains the wyvern.
The wyvern bites Busisiwe.
Something gores the plant.
The plant begins to die.
The wyvern bites something.
Busisiwe barely misses the wyvern.
A nearby plant withers and dies.
The wyvern completely misses Busisiwe.
The wyvern attacks as it pursues you! The wyvern misses you.
Busisiwe hits the wyvern with a +0 dagger of draining!
The wyvern dies!
Your Throwing skill increases to level 1!
Your Stealth skill increases to level 8!
The wyvern attacks as it pursues you! The wyvern closely misses you.
The wyvern closely misses Busisiwe.
The wyvern barely misses you.
The orc wizard barely misses Busisiwe.
The wyvern bites Busisiwe!
Busisiwe is destroyed!
The wyvern bites you!
You hear an angry hiss.
Unknown command.
The wyvern attacks as it pursues you!
The wyvern bites you but does no damage.
The wyvern bites you.
The centaur simulacrum attacks as it pursues you!
The centaur simulacrum barely misses you.
The centaur simulacrum kicks you. The centaur simulacrum freezes you.
The wyvern completely misses you. The wyvern barely misses you.
A water moccasin comes into view.
There is a stone staircase leading up here.
The wyvern bites you. The wyvern bites you!
* * * LOW HITPOINT WARNING * * *
You climb upwards.
There is a stone staircase leading down here.
Unknown command.
Unknown command.
Unknown command.
You tentacle-slap the wyvern but do no damage.
Your tentacle-slap misses the wyvern.
The wyvern bites you.
* * * LOW HITPOINT WARNING * * *
You closely miss the wyvern. You squeeze the wyvern.
The wyvern is lightly wounded.
The wyvern barely misses you. The wyvern bites you!
You die...

#.♣♣♣.#♣.♣.♣#...#
#..............
#♣.♣.♣#.♣♣♣.#...#
#######.####.##
#♣♣.♣♣#.♣.♣.#...# #.# #.#
#♣#.#♣#.♣.♣.#...###### #.#
#.# ##.#R##.♣.♣(.........#
#.# #.#
..#8#....~.[..#..###.####.#
#.#
##.#.##.♣.♣...............#
#.#
#♣#.#♣#.♣.♣.#..l.###.######
#.# #♣♣.♣♣#.♣.♣.#...h# #.#
#.# #♣.♣.♣#.♣♣♣.#..### #.#
#.# #.♣♣♣.#♣.♣.♣#..# #.#
#.# #♣R♣R♣#♣.♣.♣#..# #.#
#.# ♣♣.♣♣ ♣♣.♣♣#..#
##.#########.##
#############..#
#..............
...............#
##...########.#.
##.######..###.# #8...8#
#... ..<# ##.....# ##...##
##(#


You could see a wyvern.

Vanquished Creatures
  A troll (D:7)
  An orc warrior (D:7)
  2 black bears
  2 ice beasts (D:7)
  An ogre (D:6)
  A centaur (D:7)
  2 phantoms (D:5)
  3 scorpions
  A wight (D:7)
  A howler monkey (D:7)
  An orc priest (D:6)
  5 hounds
  A jelly (D:6)
  A sleepcap (D:7)
  An iguana (D:4)
  4 orc wizards
  6 gnolls (D:7)
  7 adders
  A shadow imp (D:7)
  3 white imps (D:7)
  4 ufetubi
  A worm (D:4)
  4 dart slugs
  22 orcs
  7 ball pythons
  6 bats
  7 endoplasms
  2 giant cockroaches
  9 goblins
  7 hobgoblins
  3 jackals (D:4)
  7 kobolds
  4 quokkas
  2 frilled lizards
  12 rats
142 creatures vanquished.

Vanquished Creatures (collateral kills)
  A cyclops (D:7)
  A wyvern (D:8)
  A black bear (D:3)
  A scorpion (D:5)
  A howler monkey (D:7)
  An iguana (D:7)
  A gnoll (D:7)
  A dart slug (D:4)
  3 orcs
  A kobold (D:4)
12 creatures vanquished.

Vanquished Creatures (others)
  3 hexers
3 creatures vanquished.

Grand Total: 157 creatures vanquished

Notes
Turn   | Place    | Note
-------+----------+-------------------------------------------
     0 | D:1      | dialectric the Octopode Shapeshifter began the quest for
                  | the Orb.
     0 | D:1      | Reached XP level 1. HP: 13/13 MP: 1/1
    65 | D:1      | Reached XP level 2. HP: 15/18 MP: 2/2
   223 | D:1      | Reached skill level 1 in Stealth
   326 | D:1      | Reached XP level 3. HP: 20/23 MP: 3/3
   729 | D:1      | Found a faded altar of an unknown god.
   741 | D:1      | Prayed at the altar of an unknown god.
   741 | D:1      | Became a worshipper of Hepliaklqana the Forgotten
   741 | D:1      | Reached * piety under Hepliaklqana
  1102 | D:2      | Found a shimmering blue altar of Sif Muna.
  1246 | D:2      | Reached XP level 4. HP: 19/25 MP: 4/4
  1282 | D:2      | Reached ** piety under Hepliaklqana
  1295 | D:2      | Remembered your ancestor Busisiwe as a hexer
  1572 | D:3      | Found a hazy altar of Hepliaklqana.
  1754 | D:3      | Identified the +4 scale mail "Majyryant" {Rampage Dex+4}
  1952 | D:3      | Found a bloodstained altar of Trog.
  2083 | D:3      | Found an iron altar of Okawaru.
  2107 | D:3      | Noticed a black bear
  2116 | D:3      | Killed a black bear
  2117 | D:3      | Reached skill level 4 in Unarmed Combat
  2117 | D:3      | Reached XP level 5. HP: 12/29 MP: 5/5
  2474 | D:4      | Reached XP level 6. HP: 22/35 MP: 6/6
  2623 | D:4      | Reached skill level 5 in Stealth
  3211 | D:5      | Entered Level 5 of the Dungeon
  3220 | D:5      | Found a stormy altar of Qazlal.
  3269 | D:5      | Reached *** piety under Hepliaklqana
  3295 | D:5      | Reached skill level 5 in Unarmed Combat
  3586 | D:5      | Reached XP level 7. HP: 33/40 MP: 7/7
  4357 | D:6      | Reached **** piety under Hepliaklqana
  4390 | D:6      | Reached skill level 6 in Unarmed Combat
  5310 | D:6      | Reached XP level 8. HP: 32/45 MP: 8/8
  5613 | D:6      | Reached skill level 7 in Unarmed Combat
  5658 | D:6      | Learned a level 3 spell: Confusing Touch
  5689 | D:7      | HP: 2/45 [orc warrior/+0 glaive (13)]
  5906 | D:7      | Found a staircase to the Ecumenical Temple.
  6461 | D:7      | Noticed a troll
  6462 | D:7      | Reached skill level 8 in Unarmed Combat
  6463 | D:7      | Noticed a cyclops
  6470 | D:7      | Reached XP level 9. HP: 39/51 MP: 9/9
  6571 | D:7      | Killed a troll
  6572 | D:7      | Reached skill level 5 in Shapeshifting
  6577 | D:7      | Killed a cyclops
  6578 | D:7      | Reached skill level 9 in Unarmed Combat
  7109 | D:8      | Found a staircase to the Lair.
  7119 | D:8      | Reached skill level 1 in Throwing
  7132 | D:7      | Mangled by a wyvern

Illustrated notes

Levels and vault maps discovered:
D:1:      ncdulo_lavacross, layout_basic, basic_ecumenical_altar
D:2:      layout_basic, serial_glass, glass_columns_c, glass_columns_a,
          basic_altar, grunt_decor_arrowhead
D:3:      wander_river, layout_basic, lemuel_coloured_pillars_altar,
          okawaru_ov_weapons_minmay, mainiacjoe_overflow_catwalk
D:4:      layout_rooms
D:5:      layout_layer_cave, amcnicky_altar_gilded
D:6:      layout_basic, minmay_manual_monstrance
D:7:      nzn_winding_woodlands_small [nzn_winding_woodlands_5x15_eye,
          nzn_winding_woodlands_center_diamonds,
          nzn_winding_woodlands_5x15_sidewinder], layout_basic,
          minmay_temple_entry_mini_moons, serial_corexii_hall,
          corexii_hall_statues_i, corexii_hall_statues_x,
          corexii_hall_statues_s, corexii_hall_statues_l,
          corexii_hall_statues_t, corexii_hall_statues_s
D:8:      layout_rooms, mainiacjoe_overflow_boulevard, minmay_lair_entry_grove,
          serial_ice, serial_ice_h, serial_ice_f, serial_ice_i, serial_ice_a,
          special_room [special_room_orc], serial_shops,
          nicolae_shop_tiny_real_fake_doors

Skill      XL: |  1  2  3  4  5  6  7  8  9 |
---------------+----------------------------+-----
Stealth        | 1 2 4 5 6 8 |  8.0
Unarmed Combat | 4 5 6 8 9 |  9.4
Fighting       | 2 3 |  3.3
Dodging        | 3 4 |  4.1
Shapeshifting  | 4 5 |  5.5
Throwing       | 1 |  1.0

Action                     |  1- 3 |  4- 6 |  7- 9 || total
---------------------------+-------+-------+-------++-------
  Melee: Unarmed           |    75 |   110 |   131 ||   316
         Tentacles         |    17 |    24 |    32 ||    73
         Constrict         |    18 |    31 |    37 ||    86
         Punch             |     1 |     2 |     9 ||    12
  Throw: Dart              |       |       |     5 ||     5
 Invoke: Ancestor Life: He |       |     1 |       ||     1
    Use: Scroll            |       |       |     1 ||     1
   Stab: Sleeping          |    10 |     8 |     6 ||    24
         Distracted        |       |     1 |     1 ||     2
         Confused          |       |     4 |     6 ||    10
 Armour: Skin              |    24 |    50 |    52 ||   126
  Dodge: Dodged            |    38 |    59 |    71 ||   168

Table legend: (Time is in decaauts)
 A = Elapsed time spent in this place.
 B = Non-inter-level travel time spent in this place.
 C = Inter-level travel time spent in this place.
 D = Time resting spent in this place.
 E = Time spent auto-exploring this place.
 F = Levels seen in this place.
 G = Mean time per level.
                   A        B        C        D        E       F      G
               +--------+--------+--------+--------+--------+-----+--------+
         Total |   7104 |   6907 |    197 |    366 |   5300 |   8 |  888.0 |
       Dungeon |   7104 |   6907 |    197 |    366 |   5300 |   8 |  888.0 |
               +--------+--------+--------+--------+--------+-----+--------+

Top non-repeatable levels by time:
     D:5: 1327 daAuts
     D:6: 1306 daAuts
     D:3: 1245 daAuts
     D:7: 1178 daAuts
     D:1: 828 daAuts
     D:2: 596 daAuts
     D:4: 530 daAuts
     D:8: 90 daAuts
